 Dungeon Crawl Stone Soup version 0.29.1-1-gd02db6906a (webtiles) character file.

Game seed: 18131254254956048065

2227 cdecastro the Covert (level 9, -5/57 HPs)
             Began as a Kobold Brigand on Oct 7, 2022.
             Was an Initiate of Gozag.
             Slain by an orc warrior
             ... wielding a +0 halberd
              (11 damage)
             ... in a bailey.
             The game lasted 00:18:45 (6942 turns).

cdecastro the Covert (Kobold Brigand)               Turns: 6942, Time: 00:18:46

Health: -5/57      AC:  8    Str: 17    XL:     9   Next: 62%
Magic:  9/9        EV: 14    Int: 14    God:    Gozag
Gold:   1030       SH:  0    Dex: 16    Spells: 6/8 levels left

rFire   + . .      SeeInvis .   x - +9 dagger of False Hope {flame, rPois rN+}
rCold   . . .      Faith    .   (no shield)
rNeg    + . .      Spirit   .   L - +2 robe {rF+}
rPois   +          Reflect  .   (no helmet)
rElec   .          Harm     .   c - +0 cloak
rCorr   .          Rampage  .   i - +2 pair of gloves
Will    .....                   (no boots)
Stlth   ++++++....              (no amulet)
HPRegen 0.19/turn               k - ring of wizardry
MPRegen 0.11/turn               D - +6 ring of strength

@: no status effects
A: small, no large weapons, nightstalker 3
a: Renounce Religion, Potion Petition, Call Merchant, Bribe Branch


You were in a bailey.
You worshipped Gozag.
Gozag was most pleased with you.
You visited 2 branches of the dungeon, and saw 8 of its levels.
You also visited: Bailey.

You collected 1030 gold pieces.

Inventory:

Hand Weapons
 a - a +3 dagger
 x - the +9 dagger of False Hope (weapon) {flame, rPois rN+}
   (You found it on level 3 of the Dungeon)

   It burns those it strikes, dealing additional fire damage.
   rPois:     It protects you from poison.
   rN:        It protects you from negative energy.
Missiles
 d - 17 poisoned darts (quivered)
 e - 3 curare-tipped darts
 l - 50 stones
 w - 4 boomerangs
 S - 2 throwing nets
Armour
 c - a +0 cloak (worn)
 i - a +2 pair of gloves (worn)
 E - a +0 robe of resistance
 L - a +2 robe of fire resistance (worn)
Magical Staves
 z - a staff of cold
Jewellery
 k - a ring of wizardry (left hand)
 r - a ring of flight
 B - a ring of wizardry
 D - a +6 ring of strength (right hand)
Wands
 y - a wand of flame (18)
Scrolls
 g - a scroll of fear
 h - a scroll of amnesia
 j - 5 scrolls of immolation
 t - a scroll of enchant armour
 Q - a scroll of fog {unknown}
 R - a scroll of magic mapping {unknown}
Potions
 b - a potion of brilliance
 f - 4 potions of flight
 m - 2 potions of curing
 n - 2 potions of mutation
 q - 2 potions of magic
 s - 2 potions of lignification
 v - 4 potions of attraction
 A - 2 potions of heal wounds
 C - a potion of cancellation {unknown}
 F - a potion of berserk rage {unknown}
 G - 2 potions of haste {unknown}
 M - a potion of might
 N - a potion of invisibility {unknown}
 O - a potion of resistance {unknown}


   Skills:
 * Level 7.4 Fighting
 - Level 10.0 Short Blades
 - Level 2.1 Throwing
 - Level 1.2 Dodging
 + Level 11.5 Stealth


You had 6 spell levels left.
You knew the following spells:

 Your Spells              Type           Power      Damage    Failure   Level
a - Ensorcelled Hibernat  Hex/Ice        0%         N/A       17%         2

Your spell library contained the following spells:

 Spells                   Type           Power      Damage    Failure   Level
 Passwall                 Tmut/Erth      0%         N/A       17%         2
 Conjure Flame            Conj/Fire      0%         6-21      32%         3
 Ignite Poison            Fire/Tmut/Pois 0%         N/A       32%         3
 Swiftness                Air            0%         N/A       32%         3
 Tukima's Dance           Hex            0%         N/A       32%         3
 Passage of Golubria      Tloc           0%         N/A       71%         4
 Sticky Flame             Conj/Fire      0%         2d3       71%         4
 Summon Lightning Spire   Summ/Air       0%         N/A       71%         4
 Yara's Violent Unravell  Hex/Tmut       0%         3d3       95%         5
 Storm Form               Tmut/Air       0%         N/A       100%        7
 Maxwell's Capacitive Co  Air            0%         ∞         100%        8


Dungeon Overview and Level Annotations

Branches:
Dungeon (7/15)             Temple (1/1) D:6          Bailey (1/1)

Altars:
Ashenzari
Cheibriados
Dithmenos
Elyvilon
Fedhas
Gozag
Hepliaklqana
Kikubaaqudgha
Makhleb
Nemelex Xobeh
Okawaru
Qazlal
Sif Muna
Trog
Vehumet
Wu Jian
Xom
Yredelemnul
Zin
The Shining One


Innate Abilities, Weirdness & Mutations

You are small and have problems with some larger weapons.
You are completely attuned to the shadows.


Message History

You hit the orc warrior. You burn the orc warrior.
The orc warrior is almost dead.
You barely miss the orc warrior.
The orc warrior is almost dead.
The orc warrior closely misses you.
You closely miss the orc warrior.
The orc warrior is almost dead.
You hit the orc warrior but do no damage.
The orc warrior is almost dead.
The orc warrior closely misses you.
You hit the orc warrior but do no damage.
The orc warrior is almost dead.
You closely miss the orc warrior.
The orc warrior is almost dead.
The orc warrior hits you with a +0 halberd!
* * * LOW HITPOINT WARNING * * *
You hit the orc warrior but do no damage.
The orc warrior is almost dead.
You hit the orc warrior. You burn the orc warrior.
The orc warrior is almost dead.
The orc warrior hits you with a +0 halberd!
* * * LOW HITPOINT WARNING * * *
You hit the orc warrior but do no damage.
The orc warrior is almost dead.
You completely miss the orc warrior.
The orc warrior is almost dead.
The orc warrior barely misses you.
You hit the orc warrior but do no damage.
The orc warrior is almost dead.
You hit the orc warrior but do no damage.
The orc warrior is almost dead.
The orc warrior hits you with a +0 halberd!
* * * LOW HITPOINT WARNING * * *
You barely miss the orc warrior.
The orc warrior is almost dead.
You barely miss the orc warrior.
The orc warrior is almost dead.
The orc warrior hits you with a +0 halberd!
You die...
Your body crumbles into a pile of gold.

.$.# ..~.# #.# .~~.#
. ~. + #+#
##########.~. ## ...
##.......@o.~.
.##.∩.##..~~~~~~~~~~.
..## ##..~~..........
~..###..~~..#########
~~.....~~..##
.~~~~~~~..##
.........##
##########


You could see an orc warrior.

Vanquished Creatures
  Pikel (D:6)
  A water moccasin (D:5)
  2 orc warriors (Bailey)
  2 ogres
  A centaur (D:6)
  A lemure (D:6)
  4 phantoms
  Blork the orc (D:5)
  A bullfrog (D:6)
  4 necrophages
  2 scorpions
  3 iguanas
  12 gnolls
  11 adders
  A shadow imp (D:5)
  A white imp (D:6)
  2 ufetubi
  2 worms (D:2)
  A dart slug (D:3)
  19 orcs
  8 bats
  4 endoplasms
  2 giant cockroaches
  7 hobgoblins
  6 jackals
  4 kobolds
  4 quokkas (D:2)
  7 ball pythons
  A frilled lizard (D:2)
  7 goblins
  5 rats
127 creatures vanquished.

Vanquished Creatures (others)
  4 plants (D:4)
4 creatures vanquished.

Grand Total: 131 creatures vanquished

Notes
Turn   | Place    | Note
-------+----------+-------------------------------------------
     0 | D:1      | cdecastro the Kobold Brigand began the quest for the Orb.
     0 | D:1      | Reached XP level 1. HP: 12/12 MP: 1/1
    90 | D:1      | Reached XP level 2. HP: 7/17 MP: 2/2
  1011 | D:2      | Reached XP level 3. HP: 20/21 MP: 3/3
  1391 | D:2      | Reached skill level 6 in Stealth
  1391 | D:2      | Reached XP level 4. HP: 26/26 MP: 4/4
  1430 | D:2      | Found a stormy altar of Qazlal.
  1552 | D:2      | Found a faded altar of an unknown god.
  1713 | D:2      | Prayed at the altar of an unknown god.
  1713 | D:2      | Became a worshipper of Gozag Ym Sagoz the Greedy
  1819 | D:3      | Reached skill level 5 in Short Blades
  2887 | D:3      | Reached XP level 5. HP: 30/30 MP: 5/5
  3106 | D:3      | Identified the +9 dagger of False Hope {flame, rPois rN+}
  3241 | D:4      | Found a radiant altar of Vehumet.
  3745 | D:4      | Noticed a phantom
  3749 | D:4      | Killed a phantom
  3750 | D:4      | Reached skill level 7 in Stealth
  3750 | D:4      | Reached XP level 6. HP: 35/35 MP: 6/6
  3885 | D:4      | Noticed an ogre
  3889 | D:4      | Killed an ogre
  3890 | D:4      | Reached XP level 7. HP: 40/40 MP: 7/7
  4091 | D:4      | Reached skill level 8 in Stealth
  4492 | D:5      | Entered Level 5 of the Dungeon
  4838 | D:5      | Noticed Blork the orc
  4842 | D:5      | Killed Blork the orc
  4912 | D:5      | Reached XP level 8. HP: 39/44 MP: 8/8
  5159 | D:5      | Reached skill level 9 in Stealth
  5238 | D:6      | Reached skill level 10 in Short Blades
  5245 | D:6      | Found a staircase to the Ecumenical Temple.
  5251 | Temple   | Entered the Ecumenical Temple
  5678 | D:6      | Reached skill level 10 in Stealth
  5785 | D:6      | Reached XP level 9. HP: 47/52 MP: 9/9
  5876 | D:6      | Noticed Pikel
  5888 | D:6      | Killed Pikel
  5889 | D:6      | Reached skill level 11 in Stealth
  6263 | D:7      | Found a bloodstained altar of Trog.
  6264 | D:7      | Found a blossoming altar of Fedhas.
  6264 | D:7      | Found a sparkling altar of Nemelex Xobeh.
  6483 | D:7      | Found a flagged portal.
  6569 | D:7      | Learned a level 2 spell: Ensorcelled Hibernation
  6680 | Bailey   | Entered a bailey
  6942 | Bailey   | Slain by an orc warrior

Illustrated notes

Levels and vault maps discovered:
D:1:      dpeg_arrival_tiny_d, layout_basic
D:2:      layout_rooms, basic_ecumenical_altar, basic_altar, minmay_heptomino_l4
D:3:      layout_basic
D:4:      layout_loops_cross, mainiacjoe_overflow_tiny_flanked,
          serial_bayou_pond_c
D:5:      layout_cave_pools, uniq_blork_the_orc
D:6:      layout_rooms, temple_green, uniq_pikel
D:7:      layout_loops_ring, chequers_temple_overflow_statue_of_worship,
          mainiacjoe_overflow_boulevard, enter_bailey_3, nzn_ghost_randoct
Temple:   compressed_dpeg_triangle_lava_temple
Bailey:   bailey_polearm_1, bailey

Skill      XL: |  1  2  3  4  5  6  7  8  9 |
---------------+----------------------------+-----
Short Blades   | 3 4 5 6 7 9 10 | 10.0
Stealth        | 6 7 8 10 11 | 11.5
Fighting       | 4 7 |  7.4
Throwing       | |  2.1
Dodging        | |  1.2

Action                   |  1- 3 |  4- 6 |  7- 9 || total
-------------------------+-------+-------+-------++-------
Melee: Dagger            |    73 |    80 |   174 ||   327
       Punch             |       |       |     1 ||     1
Throw: Dart              |     5 |     7 |     3 ||    15
  Use: Scroll            |       |       |    19 ||    19
 Stab: Sleeping          |    15 |    14 |    30 ||    59
       Distracted        |       |       |     1 ||     1
Armor: Robe              |    13 |     9 |    15 ||    37
Dodge: Dodged            |    41 |    50 |    91 ||   182
